 Dungeon Crawl Stone Soup version 0.30.1-4-g462c640d31 (webtiles) character file.

Game seed: 6753214941243954578

2522 Bobit the Cleaver (level 9, -2/71 HPs)
             Began as a Gnoll Reaver on Aug 15, 2023.
             Was an Initiate of Okawaru.
             Slain by a +2 glaive of flaming (14 damage)
             ... created by the rancor of the Wu Jian Council
             ... on level 6 of the Dungeon.
             The game lasted 00:25:08 (5783 turns).

Bobit the Cleaver (Gnoll Reaver)                    Turns: 5783, Time: 00:25:09

Health: -2/71      AC: 12    Str: 13    XL:     9   Next: 54%
Magic:  3/19       EV: 13    Int: 21    God:    Okawaru [......]
Gold:   312        SH:  0    Dex: 10    Spells: 11/21 levels left

rFire   + . .        M - +4 flail (freeze)
rCold   . . .        (no shield)
rNeg    . . .        j - +2 robe {Archmagi}
rPois   .            z - +0 helmet
rElec   .            I - +0 cloak
rCorr   .            G - +2 pair of gloves
SInv    .            H - +1 pair of boots
Will    .....        x - amulet of regeneration
Stlth   ++           B - ring of the Camelopard {Fire Int+5}
HPRegen 1.11/turn    h - ring of protection from cold
MPRegen 0.16/turn

%: archmagi
@: no status effects
A: fangs 1, strong nose, distributed training
a: Renounce Religion


You were on level 6 of the Dungeon.
You worshipped Okawaru.
Okawaru was noncommittal.
You visited 2 branches of the dungeon, and saw 7 of its levels.

You collected 442 gold pieces.
You spent 130 gold pieces at shops.

Inventory:

Hand Weapons
 a - a +0 hand axe
 k - a +3 halberd
 u - a +3 dagger of venom
 K - a +0 scythe
 L - a +5 halberd
 M - a +4 flail of freezing (weapon)
Armour
 b - a +0 leather armour
 i - a +0 ring mail
 j - a +2 robe of the Archmagi (worn)
 w - the +3 ring mail of Inevitability {Str+6 Stlth-}
   (You found it on level 4 of the Dungeon)

   Str:       It affects your strength (+6).
   Stlth:     It makes you less stealthy.
 y - a +0 chain mail
 z - a +0 helmet (worn)
 G - a +2 pair of gloves (worn)
 H - a +1 pair of boots (worn)
 I - a +0 cloak (worn)
 O - +0 steam dragon scales
 P - a +0 chain mail
Jewellery
 h - a ring of protection from cold (right hand)
 x - an amulet of regeneration (around neck)
 B - the ring of the Camelopard (left hand) {Fire Int+5}
   (You bought it in a shop on level 5 of the Dungeon)

   [ring of fire]

   It enhances your fire magic.
   Int:       It affects your intelligence (+5).
   rF:        It protects you from fire.
   rC:        It makes you vulnerable to cold.
Wands
 n - a wand of polymorph (2)
 A - a wand of flame (35)
Scrolls
 c - 2 scrolls of amnesia {unknown}
 d - 4 scrolls of teleportation {unknown}
 e - 2 scrolls of vulnerability {unknown}
 l - a scroll of immolation {unknown}
 m - 8 scrolls of identify {unknown}
 r - a scroll of blinking {unknown}
 s - 2 scrolls of butterflies {unknown}
 t - a scroll of noise {unknown}
 C - a scroll of acquirement {unknown}
 E - a scroll of brand weapon {unknown}
 J - 2 scrolls of fog {unknown}
 N - a scroll of enchant weapon {unknown}
Potions
 f - a potion of brilliance {unknown}
 g - a potion of ambrosia {unknown}
 o - 2 potions of invisibility {unknown}
 p - 2 potions of magic {unknown}
 q - a potion of heal wounds {unknown}
 v - 3 potions of curing
 D - 4 potions of degeneration {unknown}
 F - a potion of cancellation {unknown}


   Skills:
 + Level 6.5 Fighting
 + Level 4.5 Short Blades
 + Level 4.5 Long Blades
 + Level 8.0 Axes
 + Level 4.5 Maces & Flails
 + Level 4.5 Polearms
 + Level 4.5 Staves
 + Level 4.5 Ranged Weapons
 + Level 4.5 Throwing
 + Level 4.5 Armour
 + Level 6.5 Dodging
 + Level 4.5 Stealth
 + Level 4.5 Shields
 + Level 4.5 Unarmed Combat
 + Level 6.8 Spellcasting
 + Level 6.7 Conjurations
 + Level 3.7 Hexes
 + Level 3.7 Summonings
 + Level 3.7 Necromancy
 + Level 3.7 Translocations
 + Level 3.7 Transmutations
 + Level 3.7 Fire Magic
 + Level 3.7 Ice Magic
 + Level 3.7 Air Magic
 + Level 3.7 Earth Magic
 + Level 3.7 Poison Magic
 + Level 5.0 Invocations
 + Level 4.5 Evocations


You had 11 spell levels left.
You knew the following spells:

 Your Spells              Type           Power      Damage    Failure   Level
a - Kiss of Death         Conj/Necr      100%       2d13      1%          1
b - Momentum Strike       Conj/Tloc      86%        3d10      1%          2
c - Hailstorm             Conj/Ice       43%        3d10      3%          3
d - Flame Wave            Conj/Fire      60%        2d14      11%         4

Your spell library contained the following spells:

 Spells                   Type           Power      Damage    Failure   Level
 Sandblast                Erth           68%        2d15      1%          1
 Shock                    Conj/Air       100%       1d9       1%          1
 Passwall                 Tmut/Erth      28%        N/A       3%          2
 Scorch                   Fire           100%       2d9       3%          2
 Stone Arrow              Conj/Erth      86%        3d12      3%          3
 Portal Projectile        Hex/Tloc       68%        N/A       6%          3
 Swiftness                Air            34%        N/A       6%          3
 Airstrike                Air            17%        2d(3-19)  19%         4
 Leda's Liquefaction      Hex/Erth       17%        N/A       19%         4
 Call Canine Familiar     Summ           Unusable   N/A       N/A         3
 Summon Cactus Giant      Summ           Unusable   N/A       N/A         6

Dungeon Overview and Level Annotations

Branches:
Dungeon (6/15)             Temple (1/1) D:6

Altars:
Ashenzari
Cheibriados
Dithmenos
Elyvilon
Fedhas
Hepliaklqana
Nemelex Xobeh
Okawaru
Qazlal
Ru
Trog
Uskayaw
Vehumet
Wu Jian
Xom
Yredelemnul

Shops:
D:5 *


Innate Abilities, Weirdness & Mutations

You have very sharp teeth.
Your uncanny sense of smell can sniff out nearby items.
Your experience applies equally to all skills.


Message History

Confirm with . or Enter, or press ? or * to list all spells.
You don't know that spell.
Casting: Flame Wave (dangerous; 11% risk of failure)
Confirm with . or Enter, or press ? or * to list all spells.
Casting: Flame Wave (dangerous; 11% risk of failure)
Press: ? - help, Dir - look around, f - activate You feel a strong surge of power!
A wave of flame ripples out! (Press . to intensify the flame waves.)
The +1 glaive of freezing closely misses you.
The +3 glaive of flaming hits you from afar.
* * * LOW HITPOINT WARNING * * *
A wave of flame ripples out!
The flame wave engulfs the +3 glaive of flaming.
The +3 glaive of flaming resists.
The +3 glaive of flaming is lightly damaged.
The flame wave engulfs the +1 glaive of freezing.
The +1 glaive of freezing resists.
The +1 glaive of freezing is moderately damaged.
You are no longer robbed of momentum.
The +1 glaive of freezing closely misses you.
The +3 glaive of flaming hits you from afar!
* * * LOW HITPOINT WARNING * * *
The +3 glaive of flaming burns you.
* * * LOW HITPOINT WARNING * * *
A sky beast comes into view.
The sky beast flickers out of sight!
Deactivating autopickup; reactivate with Ctrl-A.
Sifu Hu Sanniang whispers: Nowhere to run...
A +2 great sword of speed, a +4 great sword of flaming, a +2 glaive of flaming and a +1 quarterstaff of freezing come into view.
A sky beast appears from thin air!
Reactivating autopickup.
The +2 rapier of speed hits you.
* * * LOW HITPOINT WARNING * * *
The sky beast flickers out of sight!
Deactivating autopickup; reactivate with Ctrl-A.
The +2 rapier of speed hits you but does no damage.
You feel yourself speed up. The +2 rapier of speed misses you.
The +2 glaive of flaming hits you from afar!
You die...

#.....#............##.#.#
#.....#..........#.##.#.#
##...##..........#(##.#.#
##...................#.#
#........#######.####.#
..#........# #.# #.#
...........#######.####.#
#....................##.#
#...####.((....(@.......####
#.....................#....#
##...........(.(......#.##.######
............(.(......#.........#
......................####.####.#
.....####................# #.#
?...{ #..........####### #.#
..... #..........# #.# ..
...........# #.#


You could see 7 dancing weapons.

Vanquished Creatures
  Pikel (D:4)
  Prince Ribbit (D:5)
  Grinder (D:4)
  Sigmund (D:3)
  A dancing weapon (D:6)
  A steam dragon (D:6)
  Menkaure (D:4)
  An orc warrior (D:6)
  A black bear (D:5)
  An ogre (D:6)
  2 lemures
  Blork the orc (D:4)
  A gnoll sergeant (D:6)
  2 scorpions
  5 wights (D:5)
  A hound (D:4)
  A gnoll bouda (D:3)
  An orc priest (D:3)
  Jessica (D:3)
  A sleepcap (D:4)
  An orc wizard (D:6)
  2 iguanas (D:5)
  14 gnolls
  8 adders
  A worm (D:5)
  3 dart slugs
  11 orcs
  8 ball pythons
  4 bats
  4 endoplasms
  2 giant cockroaches
  4 goblins
  10 hobgoblins
  3 jackals (D:2)
  4 quokkas
  3 frilled lizards
  4 rats
112 creatures vanquished.

Notes
Turn   | Place    | Note
-------+----------+-------------------------------------------
     0 | D:1      | Bobit the Gnoll Reaver began the quest for the Orb.
     0 | D:1      | Reached XP level 1. HP: 20/20 MP: 6/6
    89 | D:1      | Reached XP level 2. HP: 26/26 MP: 7/7
   122 | D:1      | Learned a level 2 spell: Momentum Strike
   652 | D:2      | Reached skill level 5 in Spellcasting
   652 | D:2      | Reached XP level 3. HP: 25/31 MP: 7/9
   828 | D:2      | Reached skill level 1 in Invocations
   967 | D:2      | Reached skill level 1 in Short Blades
   967 | D:2      | Reached skill level 1 in Long Blades
   967 | D:2      | Reached skill level 1 in Maces & Flails
   967 | D:2      | Reached skill level 1 in Polearms
   967 | D:2      | Reached skill level 1 in Staves
   967 | D:2      | Reached skill level 1 in Ranged Weapons
   967 | D:2      | Reached skill level 1 in Throwing
   967 | D:2      | Reached skill level 1 in Armour
   967 | D:2      | Reached skill level 1 in Stealth
   967 | D:2      | Reached skill level 1 in Shields
   967 | D:2      | Reached skill level 1 in Unarmed Combat
   967 | D:2      | Reached skill level 1 in Evocations
  1147 | D:3      | Noticed Jessica
  1150 | D:3      | Killed Jessica
  1151 | D:3      | Reached XP level 4. HP: 38/38 MP: 6/11
  1204 | D:3      | Noticed Grinder
  1210 | D:3      | Noticed Sigmund
  1304 | D:4      | Identified the +3 ring mail of Inevitability {Str+6 Stlth-}
  1320 | D:4      | Reached skill level 1 in Hexes
  1320 | D:4      | Reached skill level 1 in Summonings
  1320 | D:4      | Reached skill level 1 in Necromancy
  1320 | D:4      | Reached skill level 1 in Translocations
  1320 | D:4      | Reached skill level 1 in Transmutations
  1320 | D:4      | Reached skill level 1 in Fire Magic
  1320 | D:4      | Reached skill level 1 in Ice Magic
  1320 | D:4      | Reached skill level 1 in Air Magic
  1320 | D:4      | Reached skill level 1 in Earth Magic
  1320 | D:4      | Reached skill level 1 in Poison Magic
  1411 | D:3      | Learned a level 3 spell: Hailstorm
  1416 | D:3      | Learned a level 4 spell: Flame Wave
  1487 | D:4      | Paralysed by Grinder for 4 turns
  1497 | D:4      | Killed Grinder
  1498 | D:4      | Reached skill level 5 in Fighting
  1498 | D:4      | Reached skill level 5 in Dodging
  1498 | D:4      | Reached XP level 5. HP: 31/44 MP: 6/12
  1498 | D:4      | Reached XP level 6. HP: 35/51 MP: 7/14
  1590 | D:3      | Killed Sigmund
  1591 | D:3      | Reached skill level 7 in Axes
  1591 | D:3      | Reached XP level 7. HP: 38/53 MP: 10/15
  2220 | D:3      | Found a faded altar of an unknown god.
  2247 | D:3      | Prayed at the altar of an unknown god.
  2247 | D:3      | Became a worshipper of the Wu Jian Council
  2247 | D:3      | Reached * piety under Wu Jian
  2553 | D:4      | Noticed Blork the orc
  2569 | D:5      | Entered Level 5 of the Dungeon
  2682 | D:5      | Found Siunaum's Assorted Antiques.
  2687 | D:5      | Bought a transparent silver ring for 130 gold pieces
  2687 | D:5      | Identified the ring of the Camelopard {Fire Int+5} (You
                  | bought it in a shop on level 5 of the Dungeon)
  2705 | D:5      | Noticed Prince Ribbit
  2765 | D:5      | Killed Prince Ribbit
  2949 | D:5      | Noticed Pikel
  2989 | D:4      | Killed Pikel
  2990 | D:4      | Reached XP level 8. HP: 32/64 MP: 14/17
  3118 | D:4      | Killed Blork the orc
  3252 | D:4      | Noticed Menkaure
  3267 | D:4      | Killed Menkaure
  3467 | D:4      | Reached ** piety under Wu Jian
  4100 | D:5      | Reached XP level 9. HP: 69/69 MP: 12/18
  5014 | D:6      | Found a hide-covered altar of Uskayaw.
  5064 | D:6      | Found a staircase to the Ecumenical Temple.
  5074 | D:6      | Reached skill level 8 in Axes
  5079 | Temple   | Entered the Ecumenical Temple
  5400 | Temple   | Fell from the grace of Wu Jian
  5400 | Temple   | Became a worshipper of Warmaster Okawaru
  5697 | D:6      | Reached skill level 5 in Invocations
  5774 | D:6      | HP: 2/71 [+3 glaive of flaming[the rancor of the Wu Jian
                  | Council] (2)]
  5783 | D:6      | Slain by a +2 glaive of flaming

Illustrated notes

Levels and vault maps discovered:
D:1:      roderic_chinese_lattice_arrival, layout_rooms,
          corexii_item_surrounded_by_moat
D:2:      layout_rooms, kennysheep_generic_room_9
D:3:      cheibrodos_old_hovel, layout_basic,
          ebering_ecumenical_altar_petrified, kennysheep_generic_room_5,
          uniq_jessica, uniq_grinder, uniq_sigmund
D:4:      layout_cave_pools, kennysheep_another_room, uniq_blork_the_orc,
          uniq_menkaure
D:5:      layout_layer_cave, serial_shops, kennysheep_little_box, sigmund_army,
          uniq_pikel, uniq_prince_ribbit1
D:6:      layout_basic, chequers_temple_overflow_statue_of_worship,
          mainiacjoe_overflow_brackets, minmay_temple_entry_tees,
          chequers_serial_rivers_micro_a, uniq_eustachio
Temple:   regret_index_temple_waves

Skill      XL: |  1  2  3  4  5  6  7  8  9 |
---------------+----------------------------+-----
Spellcasting   | 5 6 |  6.8
Invocations    | 1 2 3 4 5 |  5.0
Short Blades   | 1 2 3 4 |  4.5
Long Blades    | 1 2 3 4 |  4.5
Maces & Flails | 1 2 3 4 |  4.5
Polearms       | 1 2 3 4 |  4.5
Staves         | 1 2 3 4 |  4.5
Ranged Weapons | 1 2 3 4 |  4.5
Throwing       | 1 2 3 4 |  4.5
Armour         | 1 2 3 4 |  4.5
Stealth        | 1 2 3 4 |  4.5
Shields        | 1 2 3 4 |  4.5
Unarmed Combat | 1 2 3 4 |  4.5
Evocations     | 1 2 3 4 |  4.5
Hexes          | 1 2 3 |  3.7
Summonings     | 1 2 3 |  3.7
Necromancy     | 1 2 3 |  3.7
Translocations | 1 2 3 |  3.7
Transmutations | 1 2 3 |  3.7
Fire Magic     | 1 2 3 |  3.7
Ice Magic      | 1 2 3 |  3.7
Air Magic      | 1 2 3 |  3.7
Earth Magic    | 1 2 3 |  3.7
Poison Magic   | 1 2 3 |  3.7
Fighting       | 5 6 |  6.5
Dodging        | 5 6 |  6.5
Axes           | 7 8 |  8.0
Conjurations   | 6 |  6.7

Action                     |  1- 3 |  4- 6 |  7- 9 || total
---------------------------+-------+-------+-------++-------
  Melee: Hand axe          |    79 |       |       ||    79
         Bite              |     9 |     1 |     7 ||    17
         Punch             |     2 |     1 |     1 ||     4
         Dagger            |       |    24 |    99 ||   123
         Flail             |       |       |    10 ||    10
   Cast: Momentum Strike   |     1 |     4 |    15 ||    20
         Kiss of Death     |       |     2 |     3 ||     5
         Hailstorm         |       |       |    25 ||    25
         Flame Wave        |       |       |    15 ||    15
Ability: Whirlwind         |       |       |    43 ||    43
         Lunge             |       |       |     9 ||     9
         Wall Jump         |       |       |     1 ||     1
    Use: Potion            |       |     3 |     1 ||     4
   Stab: Sleeping          |       |       |     6 ||     6
 Armour: Leather armour    |    10 |       |       ||    10
         Ring mail         |    13 |    11 |       ||    24
         Robe              |       |       |    33 ||    33
  Dodge: Dodged            |    44 |    24 |    95 ||   163
